 Dungeon Crawl Stone Soup version 0.30-a0-702-gdf48620a09 (webtiles) character file.

Game seed: 1043995599160101525

33070 Lobster4 the Destroyer (level 14, -2/109 HPs)
             Began as a Human Conjurer on Jan 21, 2023.
             Was a High Priest of Sif Muna.
             Slain by a death yak (11 damage)
             ... on level 1 of the Lair of Beasts.
             The game lasted 01:06:27 (21505 turns).

Lobster4 the Destroyer (Human Conjurer)            Turns: 21505, Time: 01:06:28

Health: -2/109     AC: 17    Str: 11    XL:     14   Next: 6%
Magic:  36/36      EV: 11    Int: 23    God:    Sif Muna [*****.]
Gold:   929        SH:  6    Dex: 16    Spells: 27/32 levels left

rFire   . . .      SeeInvis .    Q - +2 short sword (drain)
rCold   . . .      Faith    .    S - +0 buckler
rNeg    . . .      Spirit   .    s - +1 ring mail of Muttered Phrases {Dex+3}
rPois   +          Reflect  .    (no helmet)
rElec   .          Harm     .    P - +2 cloak {rPois}
rCorr   .          Rampage  .    X - +0 pair of gloves of Sunlight {Regen+ Str+2 Dex+2}
Will    +....                    p - +0 pair of boots
Stlth   +                        (no amulet)
HPRegen 1.18/turn                f - +4 ring of protection
MPRegen 0.25/turn                y - ring of magical power

@: mighty, studying Axes
A: no striking features
a: Renounce Religion, Channel Magic, Forget Spell, Divine Exegesis


You were on level 1 of the Lair of Beasts.
You worshipped Sif Muna.
Sif Muna was extremely pleased with you.
You visited 3 branches of the dungeon, and saw 15 of its levels.
You also visited: Sewer and Bailey.

You collected 1465 gold pieces.
You spent 536 gold pieces at shops.

Inventory:

Hand Weapons
 a - a +1 hand crossbow of draining
 g - a +2 shortbow of freezing
 h - a +0 demon whip of venom
 i - a +1 rapier
 m - a +2 trident of protection
 K - a +3 triple crossbow of freezing
 L - a +4 arbalest of freezing
 N - a +1 whip of freezing
 Q - a +2 short sword of draining (weapon)
Missiles
 c - 3 javelins
 d - 23 poisoned darts (quivered)
 D - 4 curare-tipped darts
 G - 2 boomerangs
 I - 8 silver boomerangs
 R - 2 throwing nets
Armour
 p - a +0 pair of boots (worn)
 s - the +1 ring mail of Muttered Phrases (worn) {Dex+3}
   (You bought it in a shop on level 10 of the Dungeon)

   Dex:       It affects your dexterity (+3).
 P - a +2 cloak of poison resistance (worn)
 S - a +0 buckler (worn)
 T - a +0 scale mail of cold resistance
 X - the +0 pair of gloves of Sunlight (worn) {Regen+ Str+2 Dex+2}
   (You bought it in a shop on level 10 of the Dungeon)

   Str:       It affects your strength (+2).
   Dex:       It affects your dexterity (+2).
   Regen:     It increases your rate of health regeneration.
Magical Staves
 H - a staff of conjuration
Jewellery
 e - a +6 ring of intelligence
 f - a +4 ring of protection (left hand)
 y - a ring of magical power (right hand)
 M - the ring "Awiol" {Will+ rCorr SInv}
   (You found it on level 8 of the Dungeon)

   [ring of see invisible]

   SInv:      It lets you see invisible.
   rCorr:     It protects you from acid and corrosion.
   Will:      It increases your willpower.
 W - a ring of protection from fire
Wands
 j - a wand of roots (10)
 o - a wand of paralysis (5)
 O - a wand of flame (2)
Scrolls
 x - 3 scrolls of immolation
 A - 2 scrolls of magic mapping
 E - a scroll of enchant armour
 J - a scroll of enchant weapon
 U - 2 scrolls of identify
Potions
 b - 2 potions of magic
 k - 6 potions of cancellation
 l - a potion of ambrosia
 q - 3 potions of resistance
 z - a potion of might
 B - 4 potions of curing
 C - a potion of lignification
 F - 4 potions of flight


   Skills:
 + Level 9.9 Fighting
 - Level 1.0 Axes
 + Level 6.6 Ranged Weapons
 - Level 1.0 Throwing
 + Level 7.7 Armour
 - Level 3.0 Dodging
 - Level 2.0 Stealth
 * Level 9.2 Shields
 + Level 9.5 Spellcasting
 - Level 10.0 Conjurations
 - Level 6.0 Summonings
 + Level 4.6 Invocations
 - Level 3.0 Evocations


You had 27 spell levels left.
You knew the following spells:

 Your Spells              Type           Power      Damage    Failure   Level
a - Magic Dart            Conj           100%       1d8       1%          1
b - Searing Ray           Conj           100%       2d8       1%          2
c - Call Imp              Summ           38%        N/A       1%          2

Your spell library contained the following spells:

 Spells                   Type           Power      Damage    Failure   Level
 Dazzling Flash           Conj/Hex       68%        N/A       6%          3
 Mephitic Cloud           Conj/Pois/Air  26%        N/A       12%         3
 Summon Guardian Golem    Hex/Summ       24%        N/A       14%         3
 Sting                    Tmut/Pois      44%        1d5       16%         1
 Fulminant Prism          Conj/Hex       17%        3d11      21%         4
 Iskenderun's Mystic Bla  Conj/Tloc      34%        2d8       21%         4
 Cigotuvi's Dreadful Rot  Necr/Pois/Air  22%        N/A       24%         2
 Poisonous Vapours        Pois/Air       22%        N/A       24%         2
 Lightning Bolt           Conj/Air       17%        1d31      50%         5
 Freezing Cloud           Conj/Ice/Air   13%        6-21      73%         5
 Olgreb's Toxic Radiance  Pois           11%        N/A       83%         4
 Conjure Ball Lightning   Conj/Air       17%        3x3d6     97%         6
 Alistair's Intoxication  Tmut/Pois      7%         N/A       99%         5
 Borgnjor's Vile Clutch   Necr/Erth      5%         N/A       99%         5
 Spellforged Servitor     Conj/Summ      23%        N/A       99%         7
 Eringya's Noxious Bog    Tmut/Pois      5%         N/A       100%        6
 Malign Gateway           Summ/Tloc      12%        N/A       100%        7
 Ozocubu's Refrigeration  Ice            5%         4d8       100%        7
 Summon Hydra             Summ           19%        N/A       100%        7
 Ignition                 Fire           5%         3d4       100%        8
 Chain Lightning          Conj/Air       17%        3d22      100%        9


Dungeon Overview and Level Annotations

Branches:
Dungeon (11/15)            Temple (1/1) D:4            Lair (3/5) D:10
  Snake (0/4) Lair:2        Sewer (visited)          Bailey (visited)
  Swamp: Lair:2-3    Shoals: Lair:2-3       Orc: D:9-12

Altars:
Ashenzari
Cheibriados
Dithmenos
Elyvilon
Gozag
Makhleb
Nemelex Xobeh
Qazlal
Ru
Sif Muna
Trog
Uskayaw
Wu Jian
Xom
Zin

Shops:
D:2 [   D:9 [   D:10 [


Message History

You feel very mighty all of a sudden. You block the death yak's attack.
You sense an unholy aura.
Q - a +2 short sword of draining (weapon)
You block the death yak's attack.
You hit the death yak.
The death yak is heavily wounded.
The death yak completely misses you.
You hit the death yak but do no damage. You drain the death yak.
The death yak is heavily wounded.
The death yak gores you.
* * * LOW HITPOINT WARNING * * *
You hit the death yak but do no damage. You drain the death yak.
The death yak is heavily wounded.
The death yak gores you but does no damage.
You puncture the death yak!
The death yak is severely wounded.
You block the death yak's attack.
You hit the death yak but do no damage.
The death yak is severely wounded.
The death yak barely misses you.
You hit the death yak.
The death yak is severely wounded.
The death yak gores you.
* * * LOW HITPOINT WARNING * * *
You puncture the death yak!
The death yak is almost dead.
The death yak barely misses you.
You puncture the death yak!
The death yak is almost dead.
The death yak gores you.
* * * LOW HITPOINT WARNING * * *
You hit the death yak. You drain the death yak.
The death yak is almost dead.
The death yak gores you!
* * * LOW HITPOINT WARNING * * *
You hit the death yak but do no damage.
The death yak is almost dead.
The death yak gores you!
You die...

<.......####.............###.....
.........##..............###.....
........###...............##.....
...###..###.............####.....
..## ##..###.>.?........# #......
### ##..# ##......>....###......
## #...## ##.(........##.......
.# ###..# #.Y.......###....... ##
#..# ##.@.......#........ .##
#..## ##../...###........ ..##
#...# ##..(..##.........
...######..### ##.##.###.......^
...P##.......####.######....P....
...............#### #....###..
.......#..........######.........
.............###.....P#....######
.............######........#


You could see a death yak (drained).

Vanquished Creatures
  A hydra (Lair:3)
  A two-headed ogre (D:11)
  2 boulder beetles
  6 death yaks
  Amaemon (Lair:2)
  Pikel (D:8)
  An orc knight (Bailey)
  An ugly thing (D:10)
  A cyclops (D:6)
  4 black mambas
  Maurice (D:8)
  An orange demon (Lair:2)
  9 cane toads
  2 rime drakes
  11 komodo dragons
  3 merfolk (Lair:3)
  A troll (D:6)
  A hornet (D:9)
  9 blink frogs
  3 dream sheep (Lair:3)
  A shadow (D:11)
  A wyvern (Lair:1)
  47 yaks
  2 wraiths (D:11)
  2 basilisks
  5 steam dragons
  3 vampire mosquitoes (D:10)
  An acid dragon (D:9)
  10 water moccasins
  An ice beast (D:6)
  6 orc warriors
  A sky beast (D:8)
  4 wolves (Lair:1)
  4 phantoms
  3 centaurs
  A lemure (D:8)
  A kobold brigand (D:6)
  A gnoll sergeant (D:9)
  7 bullfrogs
  2 necrophages
  2 scorpions
  An electric eel (Lair:1)
  A howler monkey (D:10)
  5 orc priests
  8 hounds
  3 jellies
  3 iguanas
  Jessica (D:2)
  4 orc wizards
  8 hell rats
  12 gnolls
  3 river rats
  10 adders
  3 white imps
  An ufetubus (D:5)
  5 worms
  2 dart slugs
  34 orcs
  5 endoplasms
  4 giant cockroaches
  11 goblins
  9 hobgoblins
  3 jackals (D:2)
  7 kobolds
  4 quokkas
  7 ball pythons
  4 bats
  11 frilled lizards
  9 rats
343 creatures vanquished.

Vanquished Creatures (collateral kills)
  2 dream sheep (Lair:3)
  A black bear (D:5)
  2 orc warriors (Bailey)
  A scorpion (D:5)
  An adder (D:5)
  An orc (Bailey)
  An endoplasm (D:4)
  A ball python (D:4)
10 creatures vanquished.

Vanquished Creatures (others)
  20 fungi
  29 plants
49 creatures vanquished.

Grand Total: 402 creatures vanquished

Notes
Turn   | Place    | Note
-------+----------+-------------------------------------------
     0 | D:1      | Lobster4 the Human Conjurer began the quest for the Orb.
     0 | D:1      | Reached XP level 1. HP: 13/13 MP: 3/3
   356 | D:1      | Reached XP level 2. HP: 20/20 MP: 3/5
   915 | D:1      | Learned a level 2 spell: Searing Ray
  1386 | D:2      | Found Iqebiuzxe's Antique Armour Emporium.
  1422 | D:2      | Reached XP level 3. HP: 25/25 MP: 3/6
  1551 | D:2      | Reached skill level 1 in Fighting
  1945 | D:2      | Reached skill level 1 in Throwing
  2018 | D:2      | Reached XP level 4. HP: 32/32 MP: 2/7
  2233 | D:2      | Noticed Jessica
  2242 | D:2      | Reached XP level 5. HP: 38/38 MP: 2/9
  2315 | D:2      | Found a sparkling altar of Nemelex Xobeh.
  2325 | D:2      | Killed Jessica
  3038 | D:3      | Found a glowing drain.
  3045 | D:3      | Found a broken altar of Ashenzari.
  3047 | Sewer    | Entered a sewer
  3139 | Sewer    | Reached XP level 6. HP: 35/45 MP: 1/10
  3551 | Sewer    | Reached skill level 5 in Conjurations
  4018 | D:3      | Found a snail-covered altar of Cheibriados.
  4179 | D:3      | Learned a level 2 spell: Call Imp
  5197 | D:4      | Found a glowing silver altar of Zin.
  5201 | D:4      | Reached skill level 1 in Summonings
  5201 | D:4      | Reached XP level 7. HP: 51/52 MP: 5/12
  5611 | D:4      | Reached skill level 1 in Armour
  5753 | D:4      | Found a staircase to the Ecumenical Temple.
  5926 | Temple   | Entered the Ecumenical Temple
  5982 | Temple   | Became a worshipper of Sif Muna the Loreminder
  6400 | D:5      | Entered Level 5 of the Dungeon
  6514 | D:5      | Reached skill level 1 in Invocations
  6555 | D:5      | Found a hide-covered altar of Uskayaw.
  6590 | D:5      | Reached XP level 8. HP: 51/60 MP: 14/14
  7306 | D:5      | Reached skill level 6 in Conjurations
  7408 | D:5      | Found a burning altar of Makhleb.
  7592 | D:6      | Reached skill level 1 in Ranged Weapons
  7598 | D:6      | Reached * piety under Sif Muna
  7598 | D:6      | Noticed a cyclops
  7680 | D:6      | Reached XP level 9. HP: 66/66 MP: 16/16
  7916 | D:6      | Killed a cyclops
  7917 | D:6      | Reached skill level 5 in Fighting
  7917 | D:6      | Reached skill level 5 in Spellcasting
  8179 | D:6      | Noticed a troll
  8440 | D:5      | Reached skill level 7 in Conjurations
  9288 | D:7      | Found a shadowy altar of Dithmenos.
  9347 | D:7      | Reached skill level 1 in Evocations
  9443 | D:7      | You fall into a shaft and drop 2 floors!
  9691 | D:8      | Found a sparkling altar of Nemelex Xobeh.
  9737 | D:8      | Reached XP level 10. HP: 76/76 MP: 19/19
  9914 | D:8      | Noticed Maurice
  9954 | D:8      | Found a flagged portal.
  9975 | D:8      | Noticed Pikel
  9978 | Bailey   | Entered a bailey
 11070 | Bailey   | Noticed an orc knight
 11138 | Bailey   | Killed an orc knight
 11252 | D:8      | Identified the ring "Awiol" {Will+ rCorr SInv}
 11277 | D:8      | Killed Pikel
 11278 | D:8      | Reached skill level 8 in Conjurations
 11374 | D:8      | Reached ** piety under Sif Muna
 11769 | D:8      | Found an ornate altar of the Wu Jian Council.
 12024 | D:8      | Killed Maurice
 12594 | D:9      | Reached XP level 11. HP: 39/84 MP: 21/21
 13327 | D:9      | Found Miboall's Armour Shoppe.
 13708 | D:10     | Entered Level 10 of the Dungeon
 13721 | D:10     | Found a staircase to the Lair.
 13724 | D:10     | Identified a scroll of acquirement
 13982 | D:10     | Reached skill level 1 in Shields
 14132 | D:10     | Reached skill level 5 in Ranged Weapons
 14350 | D:10     | Found Jashryaz's Antique Armour Emporium.
 14359 | D:10     | Bought a pair of ichor-stained gloves for 275 gold pieces
 14359 | D:10     | Identified the +0 pair of gloves of Sunlight {Regen+ Str+2
                  | Dex+2} (You bought it in a shop on level 10 of the Dungeon)
 14372 | D:10     | Bought an encrusted ring mail for 261 gold pieces
 14372 | D:10     | Identified the +1 ring mail of Muttered Phrases {Dex+3}
                  | (You bought it in a shop on level 10 of the Dungeon)
 14564 | D:10     | Reached *** piety under Sif Muna
 14565 | D:10     | Reached skill level 5 in Summonings
 14576 | D:10     | Noticed a purple ugly thing
 14592 | D:10     | Killed a purple ugly thing
 14690 | D:10     | Found a white marble altar of Elyvilon.
 14795 | D:11     | Noticed a two-headed ogre
 14802 | D:11     | Killed a two-headed ogre
 14803 | D:11     | Reached skill level 9 in Conjurations
 14938 | D:11     | Reached skill level 5 in Armour
 14941 | D:11     | Noticed a centaur warrior
 15029 | D:11     | Noticed an orc knight
 15184 | Lair:1   | Entered Level 1 of the Lair of Beasts
 15353 | D:10     | Reached XP level 12. HP: 90/92 MP: 23/23
 15773 | Lair:1   | Got the Parchment of Sidekicks and Blasts
 15799 | Lair:1   | Reached skill level 5 in Shields
 16667 | Lair:1   | Noticed a boulder beetle
 16676 | Lair:1   | Killed a boulder beetle
 17455 | Lair:1   | Reached **** piety under Sif Muna
 17635 | Lair:1   | Acquired 486 gold pieces
 17638 | Lair:1   | Acquired a +1 hand crossbow of freezing
 17694 | Lair:2   | Noticed a death yak
 17694 | Lair:2   | Noticed a death yak
 17694 | Lair:2   | Noticed a death yak
 17694 | Lair:2   | Noticed a death yak
 17694 | Lair:2   | Noticed a death yak
 17736 | Lair:1   | Reached XP level 13. HP: 94/100 MP: 25/25
 17796 | Lair:1   | Reached skill level 10 in Conjurations
 18280 | Lair:2   | Noticed Amaemon
 18412 | Lair:1   | HP: 2/101 [death yak (17)]
 18852 | Lair:2   | Found a staircase to the Snake Pit.
 19543 | Lair:2   | Killed Amaemon
 20678 | Lair:3   | Reached skill level 1 in Axes
 20960 | Lair:3   | Noticed a five-headed hydra
 20972 | Lair:3   | Killed a five-headed hydra
 21144 | Lair:3   | Reached ***** piety under Sif Muna
 21144 | Lair:3   | Received a gift from Sif Muna
 21178 | Lair:3   | Reached XP level 14. HP: 76/106 MP: 27/27
 21182 | Lair:3   | Got Sif Muna's Directory of the Comitatus and Blasts {god
                  | gift}
 21505 | Lair:1   | Slain by a death yak

Illustrated notes

Levels and vault maps discovered:
D:1:      dpeg_arrival_houses_and_road, layout_basic
D:2:      layout_basic, serial_shops, nicolae_shop_hallway_plus, basic_altar,
          kennysheep_jessica_study
D:3:      layout_basic, lemuel_tele_altar, ashenzari_altar_1,
          cheibrodos_sewer_entry_drain
D:4:      layout_basic, zin_academy, temple_fountains, grunt_ministairs_11
D:5:      layout_rooms, nicolae_uskayaw_dance_hall, mainiacjoe_overflow_catwalk
D:6:      layout_loops_ring, minmay_manual_moon
D:7:      nicolae_cairo_tiling_very_big, layout_cave_pools,
          nicolae_tso_carved_into_rock, mainiacjoe_overflow_alcove_1
D:8:      layout_basic, general_overflow_altar, nemelex_altar_shiori,
          enter_bailey_5, uniq_maurice, uniq_pikel
D:9:      layout_stronghold, serial_glass, glass_columns_b, glass_columns_a,
          serial_shops, nicolae_shop_trees
D:10:     layout_basic, elyvilon_altar_3, lair_entry_dummy, serial_shops,
          nicolae_diamond_shop, pond
D:11:     layout_irregular_city, orc_david_3
Temple:   minmay_temple_forest_path
Lair:1:   layout_cave_pods, hangedman_lair_generics_rect, lemuel_fruit_fields,
          serial_bayou_shore_a
Lair:2:   layout_gridlike, minmay_snake_entry_six_corridors, st_stairs_10,
          uniq_amaemon
Lair:3:   layout_cave_pods, elwin_shoals_entry_stream

Skill      XL: |  1  2  3  4  5  6  7  8  9 10 11 12 13 |
---------------+----------------------------------------+-----
Fighting       | 1 2 3 4 6 7 8 9 |  9.9
Throwing       | 1 |  1.0
Dodging        | 3 |  3.0
Spellcasting   | 3 4 6 7 8 9 |  9.5
Conjurations   | 5 6 7 8 9 10 | 10.0
Summonings     | 1 2 3 4 5 6 |  6.0
Armour         | 1 2 3 5 6 7 |  7.7
Invocations    | 1 3 4 |  4.6
Ranged Weapons | 1 3 4 5 6 |  6.6
Evocations     | 1 3 |  3.0
Shields        | 4 6 9 |  9.2
Axes           | 1 |  1.0
Stealth        | |  2.0

Action                   |  1- 3 |  4- 6 |  7- 9 | 10-12 | 13-15 || total
-------------------------+-------+-------+-------+-------+-------++-------
Melee: Dagger            |     3 |    11 |       |       |       ||    14
       Short sword       |       |       |    21 |       |    22 ||    43
 Fire: Shortbow          |       |       |    40 |     2 |       ||    42
       Triple crossbow   |       |       |       |   158 |       ||   158
       Hand crossbow     |       |       |       |     5 |   297 ||   302
Throw: Boomerang         |       |     4 |       |       |       ||     4
 Cast: Magic Dart        |    62 |    85 |    31 |    32 |       ||   210
       Searing Ray       |     2 |    31 |    48 |   120 |    43 ||   244
       Call Imp          |       |     1 |    16 |    28 |     7 ||    52
Evoke: Wand              |       |       |       |     4 |     3 ||     7
  Use: Scroll            |       |     7 |     8 |    18 |     6 ||    39
       Potion            |       |     1 |       |     4 |     7 ||    12
Armor: Robe              |     6 |    24 |    33 |     5 |       ||    68
       Leather armour    |       |       |       |    63 |       ||    63
       Ring mail         |       |       |       |   128 |   204 ||   332
Dodge: Dodged            |     8 |    27 |    78 |   287 |   222 ||   622
Block: Buckler           |       |       |       |     4 |   130 ||   134

Table legend: (Time is in decaauts)
 A = Elapsed time spent in this place.
 B = Non-inter-level travel time spent in this place.
 C = Inter-level travel time spent in this place.
 D = Time resting spent in this place.
 E = Time spent auto-exploring this place.
 F = Levels seen in this place.
 G = Mean time per level.
                   A        B        C        D        E       F      G
               +--------+--------+--------+--------+--------+-----+--------+
         Total |  22120 |  20926 |   1194 |   4372 |  12042 |  17 | 1301.2 |
       Dungeon |  13561 |  12884 |    677 |   2225 |   8659 |  11 | 1232.8 |
        Temple |     91 |     57 |     34 |      0 |     43 |   1 |   91.0 |
          Lair |   6316 |   5834 |    482 |   1323 |   2677 |   3 | 2105.3 |
         Sewer |    810 |    810 |      0 |    133 |    551 |   1 |  810.0 |
        Bailey |   1338 |   1338 |      0 |    690 |    110 |   1 | 1338.0 |
               +--------+--------+--------+--------+--------+-----+--------+

Top non-repeatable levels by time:
  Lair:1: 3019 daAuts
  Lair:2: 2048 daAuts
     D:4: 1781 daAuts
    D:10: 1582 daAuts
     D:1: 1550 daAuts
     D:9: 1504 daAuts
     D:8: 1412 daAuts
     D:6: 1387 daAuts
  Bailey: 1338 daAuts
     D:2: 1283 daAuts
     D:3: 1265 daAuts
  Lair:3: 1248 daAuts
     D:5: 1088 daAuts
   Sewer: 810 daAuts
     D:7: 376 daAuts
